Canucks vs Maple Leafs
Created - April 10, 2025 at 21:45
Goals
|
| Canucks |
0 |
1 |
0 |
1 |
| Maple Leafs |
1 |
1 |
0 |
2 |
|
Shots
|
| Canucks |
9 |
2 |
12 |
23 |
| Maple Leafs |
14 |
12 |
6 |
32 |
|
1st period
1. Maple Leafs , Brandon Saad 4 (William Nylander 14, Aleksi Saarela 2) at 15:03
Penalties :
Tyler Kennedy (Van) for Tripping (Minor) at 2:29, Zach Werenski (TOR) for Boarding (Minor) at 12:05
2nd period
2. Canucks , Chris Tierney 19 (Tyler Kennedy 2, Travis Hamonic 15) at 6:12 (PP)
3. Maple Leafs , Jason Zucker 19 (Bo Horvat 35, Pontus Aberg 12) at 8:06
Penalties :
Brandon Saad (TOR) for High sticking (Minor) at 0:59, Brandon Saad (TOR) for Roughing (Minor) at 5:41, Oliver Ekman-Larsson (Van) for Holding (Minor) at 14:51
3rd period
No Goal
Penalties :
Oliver Ekman-Larsson (Van) for Roughing (Minor) at 0:50, Patrice Cormier (TOR) for Roughing (Minor) at 10:00, Brock Boeser (Van) for Slashing (Minor) at 12:48
Goalie Stats
Petr Mrazek (Van), 30 saves from 32 shots - (0.938), L, 22-25-7, 60:00 minutes
Kristers Gudlevskis (TOR), 22 saves from 23 shots - (0.957), W, 32-12-7, 60:00 minutes
Players Stats for Canucks
Player Name G A P +/- PIM S H SB GA TA FO MP PP MP PK MP
------------------------------------------------------------------------------------
Adam Ollas-Mattsson 0 0 0 -1 0 0 0 0 0 0 0/0 11:26 0:00 2:19
Alex Goligoski 0 0 0 -1 0 1 2 1 0 0 0/0 21:06 2:13 3:22
Brock Boeser 0 0 0 -1 2 1 3 1 0 0 0/1 17:27 3:40 0:00
Chris Tierney 1 0 1 -1 0 2 2 0 1 1 10/17 19:56 2:48 2:29
Daniel Zaar 0 0 0 0 0 3 0 0 0 0 0/0 11:48 0:00 0:00
Denis Gurianov 0 0 0 -1 0 0 2 0 0 0 0/2 19:01 2:48 1:02
Gilbert Brule 0 0 0 0 0 1 1 0 0 0 0/3 4:49 0:00 0:00
J.T. Miller 0 0 0 -1 0 1 1 1 2 0 2/6 26:15 3:40 4:10
Mark Jankowski 0 0 0 0 0 4 1 0 0 0 0/0 13:45 0:00 1:49
Nicolas Petan 0 0 0 0 0 0 0 0 0 0 0/0 0:43 0:00 0:00
Oliver Ekman-Larsson 0 0 0 0 4 1 1 4 2 1 0/0 27:41 4:15 2:25
Robert Nilsson 0 0 0 0 0 4 1 1 0 0 5/7 14:07 0:00 2:19
Ryan Lomberg 0 0 0 0 0 1 0 0 0 0 0/0 4:49 0:00 0:00
Tony DeAngelo 0 0 0 -1 0 0 0 0 0 0 0/0 10:11 0:00 0:11
Travis Hamonic 0 1 1 0 0 0 0 4 0 0 0/0 29:03 4:15 4:42
Tyler Cuma 0 0 0 -1 0 1 1 0 0 1 0/0 20:36 2:13 2:53
Tyler Kennedy 0 1 1 -1 2 0 1 0 0 0 0/2 17:53 2:48 0:00
Yanni Gourde 0 0 0 -1 0 3 2 1 0 0 14/21 21:24 3:40 4:03
Players Stats for Maple Leafs
Player Name G A P +/- PIM S H SB GA TA FO MP PP MP PK MP
------------------------------------------------------------------------------------
Aleksi Saarela 0 1 1 1 0 0 1 0 0 0 5/6 10:13 0:00 0:00
Andre Burakovsky 0 0 0 0 0 1 3 0 0 0 1/2 19:18 4:19 0:00
Bo Horvat 0 1 1 1 0 0 0 0 1 0 9/16 20:11 4:19 3:41
Brandon Saad 1 0 1 1 4 2 0 0 0 0 0/1 10:42 0:00 0:24
Brendan Guhle 0 0 0 1 0 0 0 0 0 0 0/0 11:38 0:00 0:00
Elias Pettersson 0 0 0 0 0 5 0 0 0 0 11/26 20:19 3:37 2:08
Evander Kane 0 0 0 0 0 5 3 0 0 0 0/1 22:29 4:19 3:41
Haydn Fleury 0 0 0 1 0 0 2 3 0 0 0/0 12:22 0:00 0:44
Jason Zucker 1 0 1 1 0 3 1 0 0 2 0/0 18:10 3:37 2:16
John Klingberg 0 0 0 0 0 2 1 0 1 1 0/0 27:23 4:54 4:10
Jon Merrill 0 0 0 1 0 2 1 1 0 1 0/0 20:59 3:02 2:18
Luke Schenn 0 0 0 1 0 2 0 2 0 0 0/0 21:32 3:02 2:51
Nicholas Baptiste 0 0 0 0 0 2 0 0 0 1 0/1 8:37 0:00 0:00
Patrice Cormier 0 0 0 0 2 0 0 0 0 0 2/5 8:36 0:00 0:00
Pontus Aberg 0 1 1 1 0 0 2 0 0 0 0/0 11:07 0:00 0:00
Valentin Zykov 0 0 0 0 0 2 0 0 1 0 0/0 8:31 0:00 0:00
William Nylander 0 1 1 1 0 1 0 0 0 0 0/1 14:25 3:37 0:46
Zach Werenski 0 0 0 0 2 5 1 1 0 0 0/0 26:56 4:54 2:53
3 Stars
1 - Jason Zucker (TOR)
2 - Kristers Gudlevskis (TOR)
3 - Pontus Aberg (TOR)
Power Play
Canucks - 1 on 4 Attempt(s) - 25.00%
Maple Leafs - 0 on 4 Attempt(s) - 0.00%
Penalty Kill
Canucks - 4 on 4 Attempt(s) - 100.00%
- Score 0 goal in Penalty Kill
Maple Leafs - 3 on 4 Attempt(s) - 75.00%
- Score 0 goal in Penalty Kill
Team Stat
Canucks - Hits : 18 - Faceoff Wins : 31 - Blocked Shots : 13 - Penalty Minutes : 8
Maple Leafs - Hits : 15 - Faceoff Wins : 28 - Blocked Shots : 7 - Penalty Minutes : 8
Official
Referees : Steve Kozari and Chris Lee
Linesman : Travis Toomey and Ryan Galloway
Game Notes
No Game Note
Finance
Level 1 -- Attendance: 6000 (100.00%) -- Ticket Income $600,000
Level 2 -- Attendance: 4571 (91.42%) -- Ticket Income $319,970
Level 3 -- Attendance: 2000 (100.00%) -- Ticket Income $80,000
Level 4 -- Attendance: 3893 (97.33%) -- Ticket Income $116,790
Luxury Box -- Attendance: 1000 (100.00%) -- Ticket Income $200,000
Game was played at the Scotiabank Arena.
Total Attendance: 17464 (97.02%)
Total Ticket Income: $1,316,760
Other Income: $197,514
Total Income: $1,514,274
Canucks
5 vs 5 Forward
Center Left Wing Right Wing Time % Phy DF OF
1 Yanni Gourde J.T. Miller Brock Boeser 40 1 2 2
2 Chris Tierney Denis Gurianov Tyler Kennedy 30 1 2 2
3 Robert Nilsson Mark Jankowski Daniel Zaar 20 1 2 2
4 Gilbert Brule Ryan Lomberg J.T. Miller 10 1 2 2
5 vs 5 Defense
Defense Defense Time % Phy DF OF
1 Oliver Ekman-Larsson Travis Hamonic 40 1 2 2
2 Alex Goligoski Tyler Cuma 30 1 2 2
3 Tony DeAngelo Adam Ollas-Mattsson 20 1 2 2
4 Oliver Ekman-Larsson Travis Hamonic 10 1 2 2
PowerPlay Forward
Center Left Wing Right Wing Time % Phy DF OF
1 Yanni Gourde J.T. Miller Brock Boeser 60 1 2 2
2 Chris Tierney Denis Gurianov Tyler Kennedy 40 1 2 2
PowerPlay Defense
Defense Defense Time % Phy DF OF
1 Oliver Ekman-Larsson Travis Hamonic 60 1 2 2
2 Alex Goligoski Tyler Cuma 40 1 2 2
Penalty Kill 4 Players Forward
Center Wing Time % Phy DF OF
1 J.T. Miller Yanni Gourde 60 1 2 2
2 Chris Tierney Robert Nilsson 40 1 2 2
Penalty Kill 4 Players Defense
Defense Defense Time % Phy DF OF
1 Oliver Ekman-Larsson Travis Hamonic 60 1 2 2
2 Alex Goligoski Tyler Cuma 40 1 2 2
Penalty Kill - 3 Players Forward
Forward Time % Phy DF OF
1 J.T. Miller 60 1 2 2
2 Yanni Gourde 40 1 2 2
Penalty Kill - 3 Players Defense
Defense Defense Time % Phy DF OF
1 Oliver Ekman-Larsson Travis Hamonic 60 1 2 2
2 Alex Goligoski Tyler Cuma 40 1 2 2
4 vs 4 Forward
Center Wing Time % Phy DF OF
1 J.T. Miller Yanni Gourde 60 1 2 2
2 Chris Tierney Robert Nilsson 40 1 2 2
4 vs 4 Defense
Defense Defense Time % Phy DF OF
1 Oliver Ekman-Larsson Travis Hamonic 60 1 2 2
2 Alex Goligoski Tyler Cuma 40 1 2 2
Last Minutes Offensive
Center Left Wing Right Wing Defense Defense
Yanni Gourde J.T. Miller Brock Boeser Oliver Ekman-Larsson Travis Hamonic
Last Minutes Defensive
Center Left Wing Right Wing Defense Defense
Yanni Gourde J.T. Miller Brock Boeser Oliver Ekman-Larsson Travis Hamonic
Goaltenders
Starting : Petr Mrazek
Backup : Matt Hackett
Extra Forwards
Normal : Nicolas Petan, Gilbert Brule, Mark Jankowski - PP : Nicolas Petan, Gilbert Brule - PK : Mark Jankowski
Extra Defensemen
Normal : Tony DeAngelo, Adam Ollas-Mattsson, Alex Goligoski - PP : Tony DeAngelo - PK : Adam Ollas-Mattsson, Alex Goligoski
Penalty Shots
J.T. Miller, Yanni Gourde, Chris Tierney, Robert Nilsson, Brock Boeser
Custom OT Lines Forwards
J.T. Miller, Yanni Gourde, Chris Tierney, Robert Nilsson, Brock Boeser, Gilbert Brule, Denis Gurianov, Mark Jankowski, Tyler Kennedy, Daniel Zaar
Custom OT Lines Defensemen
Oliver Ekman-Larsson, Travis Hamonic, Alex Goligoski, Tyler Cuma, Tony DeAngelo
Scratches
Ben Harpur (Strained Left Elbow Injury), Jordan Eberle (Suspend)
Maple Leafs
5 vs 5 Forward
Center Left Wing Right Wing Time % Phy DF OF
1 Elias Pettersson Evander Kane Andre Burakovsky 40 1 2 2
2 Bo Horvat Jason Zucker Pontus Aberg 30 1 2 2
3 Aleksi Saarela Brandon Saad William Nylander 20 1 2 2
4 Patrice Cormier Valentin Zykov Nicholas Baptiste 10 1 2 2
5 vs 5 Defense
Defense Defense Time % Phy DF OF
1 Zach Werenski John Klingberg 40 1 2 2
2 Jon Merrill Luke Schenn 30 1 2 2
3 Haydn Fleury Brendan Guhle 20 1 2 2
4 Zach Werenski John Klingberg 10 1 2 2
PowerPlay Forward
Center Left Wing Right Wing Time % Phy DF OF
1 Bo Horvat Evander Kane Andre Burakovsky 60 1 2 2
2 Elias Pettersson Jason Zucker William Nylander 40 1 2 2
PowerPlay Defense
Defense Defense Time % Phy DF OF
1 Zach Werenski John Klingberg 60 1 2 2
2 Jon Merrill Luke Schenn 40 1 2 2
Penalty Kill 4 Players Forward
Center Wing Time % Phy DF OF
1 Bo Horvat Evander Kane 60 1 2 2
2 Elias Pettersson Jason Zucker 40 1 2 2
Penalty Kill 4 Players Defense
Defense Defense Time % Phy DF OF
1 Zach Werenski John Klingberg 60 1 2 2
2 Jon Merrill Luke Schenn 40 1 2 2
Penalty Kill - 3 Players Forward
Forward Time % Phy DF OF
1 Bo Horvat 60 1 2 2
2 Elias Pettersson 40 1 2 2
Penalty Kill - 3 Players Defense
Defense Defense Time % Phy DF OF
1 Zach Werenski John Klingberg 60 1 2 2
2 Jon Merrill Luke Schenn 40 1 2 2
4 vs 4 Forward
Center Wing Time % Phy DF OF
1 Bo Horvat Evander Kane 60 1 2 2
2 Elias Pettersson Jason Zucker 40 1 2 2
4 vs 4 Defense
Defense Defense Time % Phy DF OF
1 Zach Werenski John Klingberg 60 1 2 2
2 Jon Merrill Luke Schenn 40 1 2 2
Last Minutes Offensive
Center Left Wing Right Wing Defense Defense
Bo Horvat Evander Kane Andre Burakovsky Zach Werenski John Klingberg
Last Minutes Defensive
Center Left Wing Right Wing Defense Defense
Bo Horvat Evander Kane Andre Burakovsky Zach Werenski John Klingberg
Goaltenders
Starting : Kristers Gudlevskis
Backup : Carter Hutton
Extra Forwards
Normal : William Nylander, Brandon Saad, Elias Pettersson - PP : William Nylander, Brandon Saad - PK : William Nylander
Extra Defensemen
Normal : Luke Schenn, Haydn Fleury, Brendan Guhle - PP : Luke Schenn - PK : Luke Schenn, Haydn Fleury
Penalty Shots
Evander Kane, Bo Horvat, Andre Burakovsky, Jason Zucker, William Nylander
Custom OT Lines Forwards
Evander Kane, Bo Horvat, Andre Burakovsky, Jason Zucker, William Nylander, Brandon Saad, Elias Pettersson, Pontus Aberg, Valentin Zykov, Aleksi Saarela
Custom OT Lines Defensemen
Zach Werenski, John Klingberg, Jon Merrill, Luke Schenn, Haydn Fleury
Scratches
Elias Lindholm (Healthy)
% Time on Ice - Canucks
Lines # - Real PCT - Wanted PCT - Time Play
Normal Forward
1 - 30% - 40% - 13:27
2 - 33% - 30% - 14:35
3 - 26% - 20% - 11:48
4 - 11% - 10% - 4:49
Normal Defense
1 - 41% - 40% - 18:18
2 - 35% - 30% - 15:30
3 - 20% - 20% - 9:07
4 - 4% - 10% - 1:44
PP Forward
1 - 57% - 60% - 3:40
2 - 43% - 40% - 2:48
PP Defense
1 - 66% - 60% - 4:15
2 - 34% - 40% - 2:13
PK Forward
1 - 71% - 60% - 5:37
2 - 29% - 40% - 2:19
PK Defense
1 - 64% - 60% - 5:03
2 - 36% - 40% - 2:53
PK3 Forward
1 - 0% - 60%
2 - 0% - 40%
PK3 Defense
1 - 0% - 60%
2 - 0% - 40%
44 Forward
1 - 0% - 60%
2 - 0% - 40%
44 Defense
1 - 0% - 60%
2 - 0% - 40%
Last Minute Offensive - 0:57
Last Minute Defensive - 0:00
Total
Forward - 60:00
Defense - 60:00
|
% Time on Ice - Maple Leafs
Lines # - Real PCT - Wanted PCT - Time Play
Normal Forward
1 - 30% - 40% - 13:36
2 - 28% - 30% - 12:16
3 - 23% - 20% - 10:13
4 - 19% - 10% - 8:31
Normal Defense
1 - 37% - 40% - 16:37
2 - 33% - 30% - 14:39
3 - 26% - 20% - 11:38
4 - 4% - 10% - 1:42
PP Forward
1 - 54% - 60% - 4:19
2 - 46% - 40% - 3:37
PP Defense
1 - 62% - 60% - 4:54
2 - 38% - 40% - 3:02
PK Forward
1 - 67% - 60% - 4:20
2 - 33% - 40% - 2:08
PK Defense
1 - 64% - 60% - 4:10
2 - 36% - 40% - 2:18
PK3 Forward
1 - 0% - 60%
2 - 0% - 40%
PK3 Defense
1 - 0% - 60%
2 - 0% - 40%
44 Forward
1 - 0% - 60%
2 - 0% - 40%
44 Defense
1 - 0% - 60%
2 - 0% - 40%
Last Minute Offensive - 0:00
Last Minute Defensive - 1:00
Total
Forward - 60:00
Defense - 60:00
|
Play-by-Play
1st period
0:01 of 1st period - Yanni Gourde wins face-off versus Andre Burakovsky in neutral zone.
0:55 of 1st period - Slapshot by Alex Goligoski.
0:55 of 1st period - Deflect By Mark Jankowski.
0:55 of 1st period - Stopped by Kristers Gudlevskis with a rebound.
1:40 of 1st period - Off-side.
1:41 of 1st period - Bo Horvat wins face-off versus Chris Tierney in neutral zone.
2:05 of 1st period - Icing by Travis Hamonic.
2:06 of 1st period - Elias Pettersson wins face-off versus Denis Gurianov in Canucks zone.
2:29 of 1st period - Minor Penalty to Tyler Kennedy for Tripping.
2:30 of 1st period - Bo Horvat wins face-off versus J.T. Miller in Canucks zone.
2:31 of 1st period - Wrist shot by Evander Kane.
2:31 of 1st period - Shot Misses the Net.
2:33 of 1st period - Slapshot by Evander Kane.
2:33 of 1st period - Stopped by Petr Mrazek without a rebound.
2:34 of 1st period - Bo Horvat wins face-off versus J.T. Miller in Canucks zone.
4:29 of 1st period - Penalty to Tyler Kennedy is over, Tyler Kennedy is back on ice.
5:24 of 1st period - Luke Schenn is hit by Tyler Cuma.
6:23 of 1st period - Icing by Oliver Ekman-Larsson.
6:24 of 1st period - Chris Tierney wins face-off versus Patrice Cormier in Canucks zone.
6:24 of 1st period - Chris Tierney is hit by Jon Merrill.
6:32 of 1st period - Wrist shot by John Klingberg.
6:32 of 1st period - Shot Blocked by Oliver Ekman-Larsson.
6:34 of 1st period - Snap shot by Patrice Cormier.
6:34 of 1st period - Deflect By Valentin Zykov.
6:34 of 1st period - Shot Misses the Net.
6:34 of 1st period - Puck is out of play.
6:35 of 1st period - Yanni Gourde wins face-off versus Elias Pettersson in Canucks zone.
7:06 of 1st period - Snap shot by Daniel Zaar.
7:06 of 1st period - Stopped by Kristers Gudlevskis with a rebound.
7:36 of 1st period - Snap shot by Jason Zucker.
7:36 of 1st period - Shot Misses the Net.
7:38 of 1st period - Wrist shot by Zach Werenski.
7:38 of 1st period - Stopped by Petr Mrazek with a rebound.
7:40 of 1st period - Wrist shot by Jason Zucker.
7:40 of 1st period - Stopped by Petr Mrazek with a rebound.
7:44 of 1st period - Wrist shot by Jason Zucker.
7:44 of 1st period - Stopped by Petr Mrazek with a rebound.
8:00 of 1st period - Zach Werenski is hit by Oliver Ekman-Larsson and loses puck.
9:17 of 1st period - Snap shot by Denis Gurianov.
9:17 of 1st period - Shot Misses the Net.
9:27 of 1st period - Wrist shot by Jason Zucker.
9:27 of 1st period - Deflect By Chris Tierney.
9:27 of 1st period - Shot Misses the Net.
9:27 of 1st period - Puck is out of play.
9:28 of 1st period - Yanni Gourde wins face-off versus Elias Pettersson in Canucks zone.
9:59 of 1st period - Icing by William Nylander.
10:00 of 1st period - Robert Nilsson wins face-off versus William Nylander in Maple Leafs zone.
10:03 of 1st period - Wrist shot by Robert Nilsson.
10:03 of 1st period - Stopped by Kristers Gudlevskis with a rebound.
10:05 of 1st period - Wrist shot by Mark Jankowski.
10:05 of 1st period - Stopped by Kristers Gudlevskis without a rebound.
10:06 of 1st period - Yanni Gourde wins face-off versus Evander Kane in Maple Leafs zone.
10:57 of 1st period - Snap shot by J.T. Miller.
10:57 of 1st period - Shot Misses the Net.
10:59 of 1st period - Slapshot by J.T. Miller.
10:59 of 1st period - Shot Blocked by Luke Schenn.
11:01 of 1st period - Snap shot by Gilbert Brule.
11:01 of 1st period - Stopped by Kristers Gudlevskis without a rebound.
11:02 of 1st period - Elias Pettersson wins face-off versus Gilbert Brule in Maple Leafs zone.
11:29 of 1st period - Icing by Alex Goligoski.
11:30 of 1st period - Robert Nilsson wins face-off versus Patrice Cormier in Canucks zone.
11:39 of 1st period - Snap shot by Nicholas Baptiste.
11:39 of 1st period - Shot Misses the Net.
11:41 of 1st period - Wrist shot by Jon Merrill.
11:41 of 1st period - Stopped by Petr Mrazek without a rebound.
11:42 of 1st period - Elias Pettersson wins face-off versus Yanni Gourde in Canucks zone.
11:57 of 1st period - Slapshot by Yanni Gourde.
11:57 of 1st period - Shot Misses the Net.
11:59 of 1st period - Snap shot by Yanni Gourde.
11:59 of 1st period - Shot Misses the Net.
12:05 of 1st period - Minor Penalty to Zach Werenski for Boarding.
12:06 of 1st period - Yanni Gourde wins face-off versus Bo Horvat in Maple Leafs zone.
12:47 of 1st period - Yanni Gourde is hit by John Klingberg and loses puck.
13:22 of 1st period - Slapshot by Brandon Saad.
13:22 of 1st period - Stopped by Petr Mrazek without a rebound.
13:23 of 1st period - Bo Horvat wins face-off versus Chris Tierney in Canucks zone.
13:35 of 1st period - Off-side.
13:36 of 1st period - Elias Pettersson wins face-off versus Denis Gurianov in neutral zone.
13:40 of 1st period - Off-side.
13:41 of 1st period - Yanni Gourde wins face-off versus Elias Pettersson in neutral zone.
13:44 of 1st period - Jason Zucker is hit by Brock Boeser and loses puck.
14:05 of 1st period - Penalty to Zach Werenski is over, Zach Werenski is back on ice.
14:23 of 1st period - Wrist shot by Jason Zucker.
14:23 of 1st period - Shot Blocked by Brock Boeser.
14:25 of 1st period - Snap shot by Zach Werenski.
14:25 of 1st period - Stopped by Petr Mrazek with a rebound.
14:27 of 1st period - Snap shot by Elias Pettersson.
14:27 of 1st period - Stopped by Petr Mrazek with a rebound.
14:29 of 1st period - Snap shot by Jon Merrill.
14:29 of 1st period - Shot Blocked by Oliver Ekman-Larsson.
14:31 of 1st period - Slapshot by Jon Merrill.
14:31 of 1st period - Stopped by Petr Mrazek with a rebound.
14:33 of 1st period - Wrist shot by Jason Zucker.
14:33 of 1st period - Shot Blocked by Travis Hamonic.
14:35 of 1st period - Slapshot by Zach Werenski.
14:35 of 1st period - Stopped by Petr Mrazek with a rebound.
14:39 of 1st period - Backhand shot by Zach Werenski.
14:39 of 1st period - Stopped by Petr Mrazek with a rebound.
14:41 of 1st period - Snap shot by Elias Pettersson.
14:41 of 1st period - Stopped by Petr Mrazek with a rebound.
14:43 of 1st period - Wrist shot by Zach Werenski.
14:43 of 1st period - Shot Blocked by Travis Hamonic.
14:55 of 1st period - Wrist shot by Elias Pettersson.
14:55 of 1st period - Deflect By Yanni Gourde.
14:55 of 1st period - Shot Misses the Net.
14:55 of 1st period - Puck is out of play.
14:56 of 1st period - Aleksi Saarela wins face-off versus Chris Tierney in Canucks zone.
15:03 of 1st period - Slapshot by Brandon Saad.
15:03 of 1st period - Goal by Brandon Saad - Canucks : 0 - Maple Leafs : 1.
15:04 of 1st period - Aleksi Saarela wins face-off versus Robert Nilsson in neutral zone.
16:03 of 1st period - Slapshot by Alex Goligoski.
16:03 of 1st period - Stopped by Kristers Gudlevskis with a rebound.
16:05 of 1st period - Slapshot by Alex Goligoski.
16:05 of 1st period - Shot Misses the Net.
16:07 of 1st period - Slapshot by Alex Goligoski.
16:07 of 1st period - Deflect By Ryan Lomberg.
16:07 of 1st period - Stopped by Kristers Gudlevskis with a rebound.
16:09 of 1st period - Snap shot by Tyler Cuma.
16:09 of 1st period - Stopped by Kristers Gudlevskis with a rebound.
16:19 of 1st period - Slapshot by Robert Nilsson.
16:19 of 1st period - Shot Blocked by Haydn Fleury.
18:06 of 1st period - Icing by Tyler Kennedy.
18:07 of 1st period - Chris Tierney wins face-off versus Elias Pettersson in Canucks zone.
18:20 of 1st period - Slapshot by Elias Pettersson.
18:20 of 1st period - Stopped by Petr Mrazek with a rebound.
18:22 of 1st period - Slapshot by Luke Schenn.
18:22 of 1st period - Shot Misses the Net.
18:24 of 1st period - Slapshot by Elias Pettersson.
18:24 of 1st period - Shot Misses the Net.
18:35 of 1st period - Off-side.
18:36 of 1st period - Yanni Gourde wins face-off versus Aleksi Saarela in neutral zone.
18:39 of 1st period - Snap shot by J.T. Miller.
18:39 of 1st period - Deflect By Yanni Gourde.
18:39 of 1st period - Stopped by Kristers Gudlevskis without a rebound.
18:40 of 1st period - Elias Pettersson wins face-off versus Yanni Gourde in Maple Leafs zone.
18:55 of 1st period - Zach Werenski is hit by Brock Boeser and loses puck.
19:38 of 1st period - Snap shot by Zach Werenski.
19:38 of 1st period - Shot Misses the Net.
Goals for this period are 0 for Canucks vs 1 for Maple Leafs.
Shots for this period are 9 for Canucks vs 14 for Maple Leafs.
2nd period
0:01 of 2nd period - Elias Pettersson wins face-off versus Brock Boeser in neutral zone.
0:26 of 2nd period - Denis Gurianov is hit by Jason Zucker and loses puck.
0:59 of 2nd period - Minor Penalty to Brandon Saad for High sticking.
1:00 of 2nd period - Bo Horvat wins face-off versus J.T. Miller in Maple Leafs zone.
1:04 of 2nd period - Backhand shot by John Klingberg.
1:04 of 2nd period - Stopped by Petr Mrazek with a rebound.
1:42 of 2nd period - Alex Goligoski is hit by Evander Kane and loses puck.
2:15 of 2nd period - Slapshot by Elias Pettersson.
2:15 of 2nd period - Stopped by Petr Mrazek without a rebound.
2:16 of 2nd period - Chris Tierney wins face-off versus Elias Pettersson in Canucks zone.
2:25 of 2nd period - Snap shot by Tyler Kennedy.
2:25 of 2nd period - Shot Blocked by Luke Schenn.
2:59 of 2nd period - Penalty to Brandon Saad is over, Brandon Saad is back on ice.
3:15 of 2nd period - Robert Nilsson is hit by Haydn Fleury and loses puck.
3:58 of 2nd period - Snap shot by Denis Gurianov.
3:58 of 2nd period - Shot Misses the Net.
4:19 of 2nd period - Off-side.
4:20 of 2nd period - Elias Pettersson wins face-off versus Yanni Gourde in neutral zone.
4:32 of 2nd period - Off-side.
4:33 of 2nd period - Bo Horvat wins face-off versus Chris Tierney in neutral zone.
5:08 of 2nd period - Travis Hamonic is hit by Andre Burakovsky and loses puck.
5:24 of 2nd period - Off-side.
5:25 of 2nd period - Aleksi Saarela wins face-off versus Yanni Gourde in neutral zone.
5:41 of 2nd period - Minor Penalty to Brandon Saad for Roughing.
5:42 of 2nd period - Bo Horvat wins face-off versus Yanni Gourde in Maple Leafs zone.
6:12 of 2nd period - Snap shot by Chris Tierney.
6:12 of 2nd period - Goal by Chris Tierney - Canucks : 1 - Maple Leafs : 1.
6:13 of 2nd period - Yanni Gourde wins face-off versus Elias Pettersson in neutral zone.
7:21 of 2nd period - Nicholas Baptiste is hit by Robert Nilsson and loses puck.
7:30 of 2nd period - Wrist shot by Nicholas Baptiste.
7:30 of 2nd period - Stopped by Petr Mrazek without a rebound.
7:31 of 2nd period - Chris Tierney wins face-off versus Elias Pettersson in Canucks zone.
8:06 of 2nd period - Snap shot by Jason Zucker.
8:06 of 2nd period - Goal by Jason Zucker - Canucks : 1 - Maple Leafs : 2.
8:07 of 2nd period - Yanni Gourde wins face-off versus Elias Pettersson in neutral zone.
8:10 of 2nd period - Slapshot by Oliver Ekman-Larsson.
8:10 of 2nd period - Shot Blocked by Zach Werenski.
8:20 of 2nd period - Snap shot by Evander Kane.
8:20 of 2nd period - Shot Misses the Net.
8:22 of 2nd period - Slapshot by Andre Burakovsky.
8:22 of 2nd period - Stopped by Petr Mrazek with a rebound.
8:24 of 2nd period - Wrist shot by Evander Kane.
8:24 of 2nd period - Stopped by Petr Mrazek without a rebound.
8:25 of 2nd period - Chris Tierney wins face-off versus Bo Horvat in Canucks zone.
8:44 of 2nd period - Tyler Cuma is hit by Pontus Aberg and loses puck.
9:43 of 2nd period - Snap shot by J.T. Miller.
9:43 of 2nd period - Stopped by Kristers Gudlevskis without a rebound.
9:44 of 2nd period - Chris Tierney wins face-off versus Elias Pettersson in Maple Leafs zone.
10:36 of 2nd period - Zach Werenski is hit by Gilbert Brule and loses puck.
10:51 of 2nd period - Backhand shot by John Klingberg.
10:51 of 2nd period - Shot Blocked by Robert Nilsson.
10:53 of 2nd period - Slapshot by Nicholas Baptiste.
10:53 of 2nd period - Shot Misses the Net.
10:55 of 2nd period - Snap shot by Nicholas Baptiste.
10:55 of 2nd period - Shot Misses the Net.
10:57 of 2nd period - Slapshot by Jon Merrill.
10:57 of 2nd period - Deflect By Valentin Zykov.
10:57 of 2nd period - Stopped by Petr Mrazek without a rebound.
10:58 of 2nd period - Patrice Cormier wins face-off versus Tyler Kennedy in Canucks zone.
11:15 of 2nd period - Jon Merrill is hit by Chris Tierney.
11:21 of 2nd period - Slapshot by Luke Schenn.
11:21 of 2nd period - Stopped by Petr Mrazek with a rebound.
11:35 of 2nd period - Wrist shot by Nicholas Baptiste.
11:35 of 2nd period - Stopped by Petr Mrazek with a rebound.
11:41 of 2nd period - Slapshot by Nicholas Baptiste.
11:41 of 2nd period - Deflect By Valentin Zykov.
11:41 of 2nd period - Stopped by Petr Mrazek with a rebound.
12:03 of 2nd period - Snap shot by Valentin Zykov.
12:03 of 2nd period - Shot Misses the Net.
12:19 of 2nd period - Nicholas Baptiste is hit by Alex Goligoski and loses puck.
12:35 of 2nd period - Wrist shot by Daniel Zaar.
12:35 of 2nd period - Shot Misses the Net.
12:57 of 2nd period - Off-side.
12:58 of 2nd period - Yanni Gourde wins face-off versus Elias Pettersson in neutral zone.
13:01 of 2nd period - Evander Kane is hit by Yanni Gourde and loses puck.
13:30 of 2nd period - Wrist shot by Tyler Kennedy.
13:30 of 2nd period - Shot Misses the Net.
13:48 of 2nd period - Slapshot by Oliver Ekman-Larsson.
13:48 of 2nd period - Deflect By Ryan Lomberg.
13:48 of 2nd period - Shot Blocked by Haydn Fleury.
13:48 of 2nd period - Puck is out of play.
13:49 of 2nd period - Elias Pettersson wins face-off versus Gilbert Brule in Maple Leafs zone.
14:04 of 2nd period - Snap shot by Elias Pettersson.
14:04 of 2nd period - Shot Misses the Net.
14:06 of 2nd period - Wrist shot by Andre Burakovsky.
14:06 of 2nd period - Shot Misses the Net.
14:28 of 2nd period - Snap shot by Denis Gurianov.
14:28 of 2nd period - Shot Blocked by Haydn Fleury.
14:48 of 2nd period - Snap shot by William Nylander.
14:48 of 2nd period - Stopped by Petr Mrazek without a rebound.
14:49 of 2nd period - Chris Tierney wins face-off versus Elias Pettersson in Canucks zone.
14:51 of 2nd period - Minor Penalty to Oliver Ekman-Larsson for Holding.
14:52 of 2nd period - Bo Horvat wins face-off versus J.T. Miller in Canucks zone.
16:08 of 2nd period - Andre Burakovsky is hit by Denis Gurianov and loses puck.
16:45 of 2nd period - Jon Merrill is hit by Alex Goligoski and loses puck.
16:51 of 2nd period - Penalty to Oliver Ekman-Larsson is over, Oliver Ekman-Larsson is back on ice.
16:58 of 2nd period - Snap shot by Luke Schenn.
16:58 of 2nd period - Stopped by Petr Mrazek without a rebound.
16:59 of 2nd period - Chris Tierney wins face-off versus Patrice Cormier in Canucks zone.
17:37 of 2nd period - Icing by Chris Tierney.
17:38 of 2nd period - Andre Burakovsky wins face-off versus Chris Tierney in Canucks zone.
17:45 of 2nd period - Elias Pettersson is hit by Tyler Kennedy and loses puck.
18:20 of 2nd period - Icing by Tyler Cuma.
18:21 of 2nd period - Robert Nilsson wins face-off versus Brandon Saad in Canucks zone.
18:50 of 2nd period - Wrist shot by Yanni Gourde.
18:50 of 2nd period - Shot Misses the Net.
18:56 of 2nd period - Wrist shot by Elias Pettersson.
18:56 of 2nd period - Shot Blocked by Alex Goligoski.
18:58 of 2nd period - Snap shot by Elias Pettersson.
18:58 of 2nd period - Shot Misses the Net.
19:20 of 2nd period - Tyler Kennedy is hit by Pontus Aberg.
Goals for this period are 1 for Canucks vs 1 for Maple Leafs.
Shots for this period are 2 for Canucks vs 12 for Maple Leafs.
3rd period
0:01 of 3rd period - Yanni Gourde wins face-off versus Elias Pettersson in neutral zone.
0:12 of 3rd period - Slapshot by Oliver Ekman-Larsson.
0:12 of 3rd period - Stopped by Kristers Gudlevskis with a rebound.
0:14 of 3rd period - Wrist shot by Yanni Gourde.
0:14 of 3rd period - Stopped by Kristers Gudlevskis without a rebound.
0:15 of 3rd period - Elias Pettersson wins face-off versus Yanni Gourde in Maple Leafs zone.
0:20 of 3rd period - Oliver Ekman-Larsson is hit by Evander Kane.
0:50 of 3rd period - Minor Penalty to Oliver Ekman-Larsson for Roughing.
0:51 of 3rd period - J.T. Miller wins face-off versus Bo Horvat in Canucks zone.
0:51 of 3rd period - J.T. Miller is hit by Evander Kane.
1:00 of 3rd period - Slapshot by Zach Werenski.
1:00 of 3rd period - Stopped by Petr Mrazek with a rebound.
1:54 of 3rd period - Alex Goligoski is hit by Andre Burakovsky and loses puck.
2:50 of 3rd period - Penalty to Oliver Ekman-Larsson is over, Oliver Ekman-Larsson is back on ice.
3:56 of 3rd period - Off-side.
3:57 of 3rd period - Robert Nilsson wins face-off versus Nicholas Baptiste in neutral zone.
4:06 of 3rd period - Snap shot by Daniel Zaar.
4:06 of 3rd period - Stopped by Kristers Gudlevskis without a rebound.
4:07 of 3rd period - Chris Tierney wins face-off versus Elias Pettersson in Maple Leafs zone.
4:08 of 3rd period - Slapshot by Alex Goligoski.
4:08 of 3rd period - Deflect By Tyler Kennedy.
4:08 of 3rd period - Shot Blocked by Jon Merrill.
4:08 of 3rd period - Puck is out of play.
4:09 of 3rd period - Elias Pettersson wins face-off versus Chris Tierney in Maple Leafs zone.
4:18 of 3rd period - Snap shot by Evander Kane.
4:18 of 3rd period - Stopped by Petr Mrazek with a rebound.
5:38 of 3rd period - Valentin Zykov is hit by Chris Tierney and loses puck.
6:40 of 3rd period - Daniel Zaar is hit by Aleksi Saarela and loses puck.
6:47 of 3rd period - Slapshot by Alex Goligoski.
6:47 of 3rd period - Deflect By Robert Nilsson.
6:47 of 3rd period - Stopped by Kristers Gudlevskis with a rebound.
6:49 of 3rd period - Slapshot by Tyler Cuma.
6:49 of 3rd period - Deflect By Robert Nilsson.
6:49 of 3rd period - Stopped by Kristers Gudlevskis without a rebound.
6:50 of 3rd period - Elias Pettersson wins face-off versus Chris Tierney in Maple Leafs zone.
7:17 of 3rd period - Jon Merrill is hit by J.T. Miller and loses puck.
7:24 of 3rd period - Snap shot by Jason Zucker.
7:24 of 3rd period - Shot Misses the Net.
7:26 of 3rd period - Slapshot by John Klingberg.
7:26 of 3rd period - Stopped by Petr Mrazek without a rebound.
7:27 of 3rd period - Yanni Gourde wins face-off versus Elias Pettersson in Canucks zone.
7:34 of 3rd period - Snap shot by Brock Boeser.
7:34 of 3rd period - Stopped by Kristers Gudlevskis with a rebound.
8:02 of 3rd period - Wrist shot by Daniel Zaar.
8:02 of 3rd period - Stopped by Kristers Gudlevskis with a rebound.
8:21 of 3rd period - Off-side.
8:22 of 3rd period - Chris Tierney wins face-off versus Bo Horvat in neutral zone.
8:47 of 3rd period - Wrist shot by Chris Tierney.
8:47 of 3rd period - Stopped by Kristers Gudlevskis without a rebound.
8:48 of 3rd period - Aleksi Saarela wins face-off versus Yanni Gourde in Maple Leafs zone.
8:48 of 3rd period - Aleksi Saarela is hit by Yanni Gourde.
9:57 of 3rd period - Travis Hamonic is hit by Zach Werenski and loses puck.
10:00 of 3rd period - Minor Penalty to Patrice Cormier for Roughing.
10:01 of 3rd period - Yanni Gourde wins face-off versus Bo Horvat in Maple Leafs zone.
11:04 of 3rd period - Slapshot by Elias Pettersson.
11:04 of 3rd period - Stopped by Petr Mrazek without a rebound.
11:05 of 3rd period - Yanni Gourde wins face-off versus Elias Pettersson in Canucks zone.
11:28 of 3rd period - Snap shot by Elias Pettersson.
11:28 of 3rd period - Shot Blocked by Travis Hamonic.
12:00 of 3rd period - Penalty to Patrice Cormier is over, Patrice Cormier is back on ice.
12:48 of 3rd period - Minor Penalty to Brock Boeser for Slashing.
12:49 of 3rd period - J.T. Miller wins face-off versus Bo Horvat in Canucks zone.
13:03 of 3rd period - Snap shot by Evander Kane.
13:03 of 3rd period - Shot Misses the Net.
14:48 of 3rd period - Penalty to Brock Boeser is over, Brock Boeser is back on ice.
14:54 of 3rd period - Snap shot by Mark Jankowski.
14:54 of 3rd period - Stopped by Kristers Gudlevskis without a rebound.
14:55 of 3rd period - Patrice Cormier wins face-off versus Tyler Kennedy in Maple Leafs zone.
14:55 of 3rd period - Patrice Cormier is hit by Denis Gurianov.
15:52 of 3rd period - Andre Burakovsky is hit by Mark Jankowski.
15:56 of 3rd period - Mark Jankowski is hit by Haydn Fleury.
16:10 of 3rd period - Wrist shot by Yanni Gourde.
16:10 of 3rd period - Stopped by Kristers Gudlevskis with a rebound.
17:46 of 3rd period - Snap shot by Robert Nilsson.
17:46 of 3rd period - Shot Misses the Net.
17:48 of 3rd period - Slapshot by Mark Jankowski.
17:48 of 3rd period - Deflect By Robert Nilsson.
17:48 of 3rd period - Stopped by Kristers Gudlevskis without a rebound.
17:49 of 3rd period - Robert Nilsson wins face-off versus Bo Horvat in Maple Leafs zone.
17:52 of 3rd period - Snap shot by Mark Jankowski.
17:52 of 3rd period - Stopped by Kristers Gudlevskis without a rebound.
17:53 of 3rd period - Bo Horvat wins face-off versus Gilbert Brule in Maple Leafs zone.
18:16 of 3rd period - Icing by Zach Werenski.
18:17 of 3rd period - Aleksi Saarela wins face-off versus Robert Nilsson in Maple Leafs zone.
18:34 of 3rd period - Snap shot by William Nylander.
18:34 of 3rd period - Shot Blocked by Oliver Ekman-Larsson.
18:52 of 3rd period - Snap shot by Elias Pettersson.
18:52 of 3rd period - Shot Blocked by Oliver Ekman-Larsson.
18:54 of 3rd period - Wrist shot by Evander Kane.
18:54 of 3rd period - Stopped by Petr Mrazek with a rebound.
18:56 of 3rd period - Slapshot by Andre Burakovsky.
18:56 of 3rd period - Shot Misses the Net.
19:08 of 3rd period - Andre Burakovsky is hit by Brock Boeser and loses puck.
19:15 of 3rd period - J.T. Miller is hit by Andre Burakovsky.
19:33 of 3rd period - Slapshot by Andre Burakovsky.
19:33 of 3rd period - Shot Misses the Net.
19:35 of 3rd period - Slapshot by Andre Burakovsky.
19:35 of 3rd period - Shot Blocked by Yanni Gourde.
19:43 of 3rd period - Snap shot by Evander Kane.
19:43 of 3rd period - Shot Blocked by Travis Hamonic.
19:45 of 3rd period - Slapshot by Luke Schenn.
19:45 of 3rd period - Shot Blocked by J.T. Miller.
19:51 of 3rd period - Wrist shot by Evander Kane.
19:51 of 3rd period - Stopped by Petr Mrazek with a rebound.
Goals for this period are 0 for Canucks vs 0 for Maple Leafs.
Shots for this period are 12 for Canucks vs 6 for Maple Leafs.
Output by the SimonT Hockey Simulator (STHS) for Francois Prevost